 Dungeon Crawl Stone Soup version 0.31-a0-486-g8d68a81214 (webtiles) character file.

Game seed: 7860998379910041601

10017 randomguy2701 the Zephyrmancer (level 11, -6/56 HPs)
             Began as a Tengu Air Elementalist on Aug 8, 2023.
             Was a Believer of Sif Muna.
             Mangled by a yak (16 damage)
             ... on level 10 of the Dungeon.
             The game lasted 00:35:28 (12860 turns).

randomguy2701 the Zephyrmancer (TeAE)              Turns: 12860, Time: 00:35:28

Health: -6/56      AC:  2    Str:  8    XL:     11   Next: 55%
Magic:  18/25      EV: 21    Int: 26    God:    Sif Muna [**....]
Gold:   553        SH:  0    Dex: 21    Spells: 21/29 levels left

rFire   . . .        n - +0 spear
rCold   . . .        (no shield)
rNeg    . . .        a - +0 robe
rPois   .            (helmet restricted)
rElec   .            (no cloak)
rCorr   .            (no gloves)
SInv    .            (boots unavailable)
Will    .....        (no amulet)
Stlth   +++          w - +6 ring of dexterity
HPRegen 0.29/turn    u - +6 ring of intelligence
MPRegen 0.19/turn

%: no passive effects
@: flying quickly and evasively, studying Dodging, quick
A: beak, talons 3, nimble flight
a: Renounce Religion, Channel Magic


You were on level 10 of the Dungeon.
You worshipped Sif Muna.
Sif Muna was pleased with you.
You visited 1 branch of the dungeon, and saw 10 of its levels.
You also visited: Ossuary.

You collected 553 gold pieces.

Inventory:

Hand Weapons
 n - a +0 spear (weapon)
 y - a +2 glaive of freezing
Missiles
 p - 2 throwing nets
Armour
 a - a +0 robe (worn)
Magical Staves
 J - a staff of fire
Jewellery
 k - a ring of see invisible
 r - a ring of protection from fire
 u - a +6 ring of intelligence (right hand)
 w - a +6 ring of dexterity (left hand)
 x - a ring of positive energy
 E - a ring of poison resistance
Wands
 F - a wand of paralysis (2)
 G - a wand of flame (14)
 I - a wand of digging (5)
 K - a wand of polymorph (6)
Scrolls
 d - a scroll of enchant armour {unknown}
 f - 3 scrolls of enchant weapon {unknown}
 j - a scroll of identify
 s - 2 scrolls of teleportation {unknown}
 t - a scroll of noise {unknown}
 B - 4 scrolls of fog {unknown}
 C - a scroll of revelation {unknown}
 D - 3 scrolls of blinking {unknown}
 H - 2 scrolls of vulnerability {unknown}
Potions
 b - a potion of magic
 c - 5 potions of attraction
 e - 7 potions of curing
 g - a potion of invisibility {unknown}
 h - 2 potions of haste
 i - 6 potions of might
 l - 4 potions of brilliance
 m - a potion of degeneration {unknown}
 o - a potion of ambrosia {unknown}
 q - 3 potions of mutation {unknown}
 v - a potion of berserk rage {unknown}
 z - 4 potions of enlightenment
 A - a potion of lignification {unknown}


   Skills:
 + Level 1.6 Fighting
 + Level 1.7 Polearms
 * Level 7.9 Dodging
 + Level 3.3 Stealth
 + Level 9.8 Spellcasting
 + Level 8.4 Conjurations
 + Level 14.1 Air Magic
 * Level 3.6 Invocations


You had 21 spell levels left.
You knew the following spells:

 Your Spells              Type           Power      Damage    Failure   Level
a - Shock                 Conj/Air       100%       1d9       1%          1
b - Airstrike             Air            36%        2d(6-22)  1%          4
c - Swiftness             Air            72%        N/A       1%          3

Your spell library contained the following spells:

 Spells                   Type           Power      Damage    Failure   Level
 Kiss of Death            Conj/Necr      100%       2d13      1%          1
 Momentum Strike          Conj/Tloc      68%        3d9       1%          2
 Static Discharge         Conj/Air       100%       2-7/arc   1%          2
 Blink                    Tloc           24%        N/A       7%          2
 Lesser Beckoning         Tloc           24%        N/A       7%          2
 Wereblood                Tmut           12%        N/A       7%          2
 Confusing Touch          Hex            12%        N/A       14%         3
 Gell's Gravitas          Tloc           12%        N/A       14%         3
 Inner Flame              Hex/Fire       12%        N/A       14%         3
 Teleport Other           Tloc           12%        N/A       14%         3
 Tukima's Dance           Hex            12%        N/A       14%         3
 Irradiate                Conj/Tmut      17%        3d17      22%         5
 Dispel Undead            Necr           12%        3d9       43%         4
 Passage of Golubria      Tloc           12%        N/A       43%         4
 Yara's Violent Unravell  Hex/Tmut       6%         3d5       78%         5
 Dispersal                Tloc           6%         N/A       100%        6
 Enfeeble                 Hex            6%         N/A       100%        7
 Malign Gateway           Summ/Tloc      6%         N/A       100%        7
 Summon Horrible Things   Summ           6%         N/A       100%        8


Dungeon Overview and Level Annotations

Branches:
Dungeon (10/15)            Temple (0/1) D:6             Orc (0/2) D:9
Ossuary (visited)
   Lair: D:8-11

Altars:
Cheibriados
Elyvilon
Makhleb
Sif Muna
Uskayaw
The Shining One

Shops:
D:7 =   D:9 ?


Innate Abilities, Weirdness & Mutations

You have a beak for a mouth.
You have claws for feet.
Your magical nature lets you fly swiftly and evasively.


Message History

Confirm with . or Enter, or press ? or * to list all spells.
Aiming: Shock (safe; 1% risk of failure)
Press: ? - help, Shift-Dir - straight line, f - orc
Aim: an orc, wielding a +0 hand axe (74% to hit)
The zap hits the orc.
You kill the orc!
Sif Muna accepts your kill.
The zap hits the orc warrior.
You kill the orc warrior!
Sif Muna accepts your kill.
The zap hits the orc!
You kill the orc!
Sif Muna accepts your kill.
The zap hits the orc warrior.
The orc warrior is moderately wounded.
The zap hits the orc.
The orc is heavily wounded.
The yak barely misses you.
An orc comes into view. It is wielding a +0 hand axe.
Unknown command.
Casting: Shock (safe; 1% risk of failure)
Confirm with . or Enter, or press ? or * to list all spells.
Aiming: Shock (safe; 1% risk of failure)
Press: ? - help, Shift-Dir - straight line, f - orc
Aim: an orc, wielding a +0 dagger and wearing a +0 leather armour (74% to hit)
The zap hits the orc.
You kill the orc!
Sif Muna accepts your kill.
The zap hits the orc warrior.
The orc warrior is moderately wounded.
The zap hits the orc.
The orc is almost dead.
The zap hits the orc!
You kill the orc!
Sif Muna accepts your kill.
The zap hits the orc!
You kill the orc!
Sif Muna accepts your kill. The yak gores you!
You die...

+........# #........# ###
###.###### ... #....##
.#.## #.....# ## ....#
#.....# ..o
....######.....# ..oo
†...##.....†...##### o..o.
Y......###....YY@))#..$._o
....#### #.....###.oo).)..
P...# #.....# ###oo....
....# #.....# ..... ##.##
###.### .... #. #..# ###
#. #.## .. ##'#####
#....[.########


You could see 2 yaks, an orc warrior and 3 orcs.

Vanquished Creatures
  2 two-headed ogres (D:8)
  Maggie (D:7)
  Psyche (D:8)
  3 trolls
  4 wyverns
  11 yaks
  2 steam dragons
  A warg (D:9)
  5 water moccasins
  2 ice beasts
  4 orc warriors
  4 sky beasts
  A black bear (D:3)
  2 ogres
  2 centaurs
  2 kobold brigands
  An elf zombie (D:6)
  3 bullfrogs
  2 elf skeletons (D:6)
  2 gnoll sergeants (D:5)
  6 scorpions
  8 wights (D:8)
  9 killer bees (D:9)
  6 howler monkeys
  6 hounds
  7 orc priests
  2 jellies
  2 human skeletons (D:6)
  6 orc wizards
  A sleepcap (D:6)
  4 iguanas
  8 mummies (Ossuary)
  Robin (D:3)
  11 gnolls
  10 adders
  A white imp (D:6)
  2 ufetubi
  A dart slug (D:1)
  56 orcs
  8 ball pythons
  6 bats
  8 endoplasms
  2 giant cockroaches
  2 gnoll zombies (Ossuary)
  18 goblins
  14 hobgoblins
  3 jackals
  11 kobolds
  5 quokkas
  4 frilled lizards (D:1)
  3 hobgoblin zombies (Ossuary)
  An orc skeleton (D:6)
  3 orc zombies (Ossuary)
  5 rats
295 creatures vanquished.

Notes
Turn   | Place    | Note
-------+----------+-------------------------------------------
     0 | D:1      | randomguy2701 the Tengu Air Elementalist began the quest
                  | for the Orb.
     0 | D:1      | Reached XP level 1. HP: 10/10 MP: 4/4
   111 | D:1      | Reached XP level 2. HP: 15/15 MP: 0/6
   571 | D:1      | Reached XP level 3. HP: 19/19 MP: 5/7
  1101 | D:2      | Reached skill level 5 in Air Magic
  1267 | D:2      | Found a hide-covered altar of Uskayaw.
  1440 | D:3      | Noticed a black bear
  1465 | D:3      | Noticed Robin
  1643 | D:3      | Noticed a black bear
  1650 | D:3      | Killed a black bear
  1651 | D:3      | Reached XP level 4. HP: 24/24 MP: 0/9
  1651 | D:3      | Gained mutation: Your magical nature lets you fly swiftly
                  | and evasively. [Tengu growth]
  1651 | D:3      | Reached XP level 5. HP: 28/28 MP: 0/10
  1781 | D:3      | Found a snail-covered altar of Cheibriados.
  2129 | D:3      | Killed Robin
  2624 | D:3      | Found a white marble altar of Elyvilon.
  2727 | D:3      | Reached XP level 6. HP: 33/33 MP: 5/12
  3306 | D:3      | Learned a level 4 spell: Airstrike
  3310 | D:3      | Learned a level 3 spell: Swiftness
  3703 | D:4      | Reached skill level 6 in Air Magic
  3929 | D:4      | Reached XP level 7. HP: 37/37 MP: 11/14
  4077 | D:4      | Reached skill level 5 in Conjurations
  4393 | D:5      | Entered Level 5 of the Dungeon
  4471 | D:5      | Reached skill level 7 in Air Magic
  4601 | D:5      | Found a shimmering blue altar of Sif Muna.
  4803 | D:5      | Reached XP level 8. HP: 42/42 MP: 4/16
  5017 | D:5      | Reached skill level 5 in Spellcasting
  5273 | D:5      | Reached skill level 8 in Air Magic
  5969 | D:6      | Reached skill level 9 in Air Magic
  5969 | D:6      | Reached XP level 9. HP: 32/46 MP: 13/19
  6164 | D:6      | Found a sand-covered staircase.
  6182 | Ossuary  | Entered an ossuary
  6822 | D:6      | Reached skill level 1 in Fighting
  7073 | D:6      | Reached skill level 10 in Air Magic
  7168 | D:6      | Found a glowing golden altar of the Shining One.
  7817 | D:6      | Found a staircase to the Ecumenical Temple.
  7959 | D:5      | Became a worshipper of Sif Muna the Loreminder
  8415 | D:7      | Reached skill level 11 in Air Magic
  8415 | D:7      | Reached XP level 10. HP: 25/52 MP: 1/23
  8544 | D:7      | Reached * piety under Sif Muna
  8796 | D:7      | Reached skill level 1 in Polearms
  8919 | D:7      | Found Fobloto's Jewellery Shoppe.
  8976 | D:7      | Noticed Maggie
  8982 | D:7      | Killed Maggie
  8983 | D:7      | Reached skill level 5 in Dodging
  9517 | D:8      | Found a burning altar of Makhleb.
  9519 | D:8      | Noticed a two-headed ogre
  9521 | D:8      | Killed a two-headed ogre
  9522 | D:8      | Reached skill level 12 in Air Magic
  9522 | D:8      | Reached skill level 1 in Invocations
  9661 | D:8      | Noticed a two-headed ogre
  9663 | D:8      | Noticed a cacodemon
  9770 | D:8      | Killed a two-headed ogre
  9849 | D:8      | Noticed Psyche
  9853 | D:8      | Killed Psyche
  9959 | D:8      | Reached skill level 13 in Air Magic
  9959 | D:8      | Reached XP level 11. HP: 56/56 MP: 16/25
 10930 | D:9      | Found a staircase to the Orcish Mines.
 11744 | D:9      | Reached ** piety under Sif Muna
 11924 | D:9      | Found The Oracle's Delphic Readings.
 12493 | D:10     | Entered Level 10 of the Dungeon
 12827 | D:10     | Noticed a two-headed ogre
 12833 | D:10     | Reached skill level 14 in Air Magic
 12860 | D:10     | Mangled by a yak

Illustrated notes

Levels and vault maps discovered:
D:1:      saegor_arrival_miasma, layout_rooms, minmay_pentomino_r4
D:2:      layout_rooms, basic_altar
D:3:      layout_loops_corners, mainiacjoe_overflow_alcove_1, marbit_many_paths,
          uniq_robin
D:4:      layout_loops_cross, minmay_diced_spiral
D:5:      layout_loops_ring, nicolae_sif_muna_condensation
D:6:      layout_basic, mainiacjoe_overflow_chevrons,
          minmay_temple_entry_overgrown, nicolae_ossuary_entry_catacombs
D:7:      layout_cave_pools, serial_shops, nicolae_square_shop,
          hangedman_abyss_or_decor_passed, uniq_maggie
D:8:      layout_cave_pools, makhleb_altar_promises_db, uniq_psyche
D:9:      layout_gridville, david_orc_3, nicolae_nh_oracle_at_delphi
D:10:     layout_roguey [special_room_orc], minmay_lair_entry_grove,
          enter_bailey_5

Skill      XL: |  1  2  3  4  5  6  7  8  9 10 11 |
---------------+----------------------------------+-----
Conjurations   | 2 3 4 5 6 8 |  8.4
Air Magic      | 5 6 7 9 11 13 14 | 14.1
Spellcasting   | 3 4 6 8 9 |  9.8
Stealth        | 3 |  3.3
Dodging        | 3 6 7 |  7.9
Fighting       | 1 |  1.6
Polearms       | 1 |  1.7
Invocations    | 2 3 |  3.6

Action                     |  1- 3 |  4- 6 |  7- 9 | 10-12 || total
---------------------------+-------+-------+-------+-------++-------
  Melee: Unarmed           |    17 |    10 |       |       ||    27
         Kick              |     7 |     3 |     7 |    11 ||    28
         Peck              |     5 |       |     6 |     8 ||    19
         Spear             |       |       |    22 |    34 ||    56
         Punch             |       |       |     1 |     1 ||     2
   Cast: Shock             |    85 |   115 |   314 |    67 ||   581
         Swiftness         |       |       |     1 |     2 ||     3
         Airstrike         |       |       |    33 |   104 ||   137
    Use: Scroll            |       |       |     4 |     2 ||     6
         Potion            |       |       |       |     4 ||     4
   Stab: Sleeping          |       |       |     1 |       ||     1
 Armour: Robe              |     4 |     6 |    10 |     7 ||    27
  Dodge: Dodged            |    14 |    50 |    75 |   128 ||   267

Table legend: (Time is in decaauts)
 A = Elapsed time spent in this place.
 B = Non-inter-level travel time spent in this place.
 C = Inter-level travel time spent in this place.
 D = Time resting spent in this place.
 E = Time spent auto-exploring this place.
 F = Levels seen in this place.
 G = Mean time per level.
                   A        B        C        D        E       F      G
               +--------+--------+--------+--------+--------+-----+--------+
         Total |  12330 |  11731 |    599 |     81 |   9949 |  11 | 1120.9 |
       Dungeon |  11825 |  11226 |    599 |     81 |   9537 |  10 | 1182.5 |
       Ossuary |    504 |    504 |      0 |      0 |    412 |   1 |  504.0 |
               +--------+--------+--------+--------+--------+-----+--------+

Top non-repeatable levels by time:
     D:6: 1898 daAuts
     D:9: 1553 daAuts
     D:3: 1550 daAuts
     D:7: 1465 daAuts
     D:5: 1299 daAuts
     D:4: 1128 daAuts
     D:8: 1093 daAuts
     D:1: 890 daAuts
     D:2: 665 daAuts
 Ossuary: 504 daAuts
    D:10: 281 daAuts
